 Dungeon Crawl Stone Soup version 0.16-a0-3728-gc6b4a4b (webtiles) character file.

514 RedPan the Chiller (level 7, -1/50 HPs)
             Began as a Yellow Draconian Ice Elementalist on Jan 22, 2015.
             Slain by a phantom (6 damage)
             ... on level 4 of the Dungeon on Oct 3, 2015.
             The game lasted 00:16:38 (5407 turns).

RedPan the Chiller (DrIE)                           Turns: 5407, Time: 00:16:38

Health: -1/50      AC: 14    Str: 11    XL:     7   Next: 0%
Magic:  15/15      EV: 12    Int: 17    God:
Gold:   145        SH:  0    Dex: 11    Spells: 3 memorised, 6 levels left

rFire  . . .     SeeInvis .     k - +2 dagger (protect)
rCold  . . .     Clarity  .     (armour unavailable)
rNeg   . . .     SustAb   .     (no shield)
rPois  .         Gourm    .     (helmet restricted)
rElec  .         Spirit   .     l - +1 cloak
rCorr  +         Warding  .     m - +0 pair of gloves
rMut   .         Stasis   .     (no boots)
MR     .....                    (no amulet)
Stlth  ++........               (no ring)
                                (no ring)

@: not resistant to hostile enchantments, unstealthy
A: spit acid, acid resistance, unfitting armour, cold-blooded, AC +6
a: Spit Acid


You were on level 4 of the Dungeon.
You were hungry.

You visited 1 branch of the dungeon, and saw 4 of its levels.
You also visited: Sewer.

You collected 145 gold pieces.

Inventory:

Hand weapons
 g - a +0 dagger
 j - a +3 hand axe of flaming
 k - a +2 dagger of protection (weapon)
 p - a -2 trident
 s - a -2 dagger
 v - a +3 whip
Armour
 l - a +1 cloak (worn)
 m - a +0 pair of gloves (worn)
Magical devices
 o - a wand of frost (13)
Scrolls
 a - 6 scrolls of identify
 i - 4 scrolls of teleportation
 r - a scroll of fear
 t - a scroll of random uselessness {unknown}
 w - a scroll of magic mapping {unknown}
Potions
 e - 2 potions of magic
 h - a potion of restore abilities {unknown}
 n - a potion of mutation {unknown}
 q - a potion of curing {unknown}
 u - 3 potions of haste {unknown}
 x - a potion of might {unknown}
Books
 b - a book of Frost

   Spells                             Type                      Level
   a - Freeze                         Ice                          1
   b - Throw Frost                    Conjuration/Ice              2
   c - Ozocubu's Armour               Charms/Ice                   3
   d - Throw Icicle                   Conjuration/Ice              4
   e - Summon Ice Beast               Ice/Summoning                4
   f - Condensation Shield            Ice                          4
Comestibles
 c - 3 bread rations
 d - a royal jelly
 f - a meat ration


   Skills:
 - Level 1.7 Dodging
 - Level 1.7 Stealth
 - Level 3.3 Spellcasting
 - Level 1.0 Conjurations
 + Level 7.4 Ice Magic


You had 6 spell levels left.
You knew the following spells:

 Your Spells              Type           Power        Failure   Level  Hunger
a - Freeze                Ice            ####         1%          1    None
b - Throw Frost           Conj/Ice       ###...       4%          2    ##.....
c - Ozocubu's Armour      Chrm/Ice       ###.....     12%         3    ###....


Dungeon Overview and Level Annotations

Branches:
Dungeon (4/15)
 Temple: D:4-7

Altars:
Makhleb


Innate Abilities, Weirdness & Mutations

You can spit globs of acid.
You can corrode armour when you spit acid.
You are resistant to acid.
Your golden yellow scales are hard (AC +6).
Your body does not fit into most forms of armour.
Your cold-blooded metabolism reacts poorly to cold.


Message History

The bat hits you but does no damage. The bat closely misses you.
The phantom barely misses you. The bat hits you but does no damage.
The phantom hits you but does no damage.
The bat hits you but does no damage. The phantom barely misses you.
The bat hits you but does no damage. The phantom hits you.
* * * LOW HITPOINT WARNING * * *
The phantom blinks!
The bat hits you but does no damage. The bat hits you but does no damage.
The bat misses you.
The phantom hits you but does no damage.
The bat misses you. The bat hits you but does no damage.
The phantom closely misses you. The bat barely misses you.
The phantom closely misses you. The bat hits you.
* * * LOW HITPOINT WARNING * * *
The phantom blinks!
The bat hits you but does no damage. The phantom hits you.
You die...

...# ##...........#
.### #............# ##
##............# #
##.............# #
##..............#
###...............#
.........############
..........≈≈≈≈≈≈b≈≈.##
.........≈≈≈§@W≈≈≈..#
.........≈≈≈≈≈≈≈≈≈...#
........###########..#
..###... ## .# ###. #


You could see a phantom and a bat.

Vanquished Creatures
  A big kobold (Sewer)
  A giant frog (D:3)
  A worker ant (D:4)
  Crazy Yiuf (D:3)
  An orc priest (D:3)
  2 orc wizards (D:4)
  Robin (D:1)
  9 adders
  3 giant mites (D:4)
  3 worms
  7 giant geckos
  3 oozes (Sewer)
  8 orcs
  3 giant cockroaches
  20 goblins
  15 hobgoblins
  7 jackals (D:1)
  4 ball pythons
  9 bats
  4 giant newts
  A jackal skeleton (D:4)
  17 kobolds
  3 quokkas
  8 rats
132 creatures vanquished.

Notes
Turn   | Place    | Note
--------------------------------------------------------------
     0 | D:1      | RedPan, the Draconian Ice Elementalist, began the quest for the Orb.
     0 | D:1      | Reached XP level 1. HP: 14/14 MP: 3/3
   454 | D:1      | Reached XP level 2. HP: 4/20 MP: 1/5
  1766 | D:2      | Reached XP level 3. HP: 26/26 MP: 6/6
  1768 | D:2      | Noticed Robin
  1784 | D:1      | Learned a level 2 spell: Throw Frost
  1788 | D:1      | Learned a level 3 spell: Ozocubu's Armour
  2081 | D:1      | Killed Robin
  2602 | D:2      | Reached XP level 4. HP: 21/33 MP: 6/9
  2744 | D:2      | Reached skill level 4 in Ice Magic
  3628 | D:3      | Noticed a giant frog
  3648 | D:3      | Killed a giant frog
  3648 | D:3      | Reached skill level 5 in Ice Magic
  3648 | D:3      | Reached XP level 5. HP: 26/38 MP: 4/11
  3848 | D:3      | Found a burning altar of Makhleb.
  4321 | D:3      | Noticed Crazy Yiuf
  4326 | D:3      | Killed Crazy Yiuf
  4326 | D:3      | Reached skill level 6 in Ice Magic
  4404 | D:3      | Reached XP level 6. HP: 45/45 MP: 9/13
  4720 | D:4      | Found a glowing drain.
  4810 | Sewer    | Entered a sewer
  5058 | Sewer    | Reached skill level 7 in Ice Magic
  5256 | Sewer    | Your scales start taking on a golden yellow colour.
  5256 | Sewer    | Reached XP level 7. HP: 42/50 MP: 11/15
  5407 | D:4      | Slain by a phantom

Action                   |  1- 3 |  4- 6 |  7- 9 || total
-------------------------+-------+-------+-------++-------
Melee: Unarmed           |    42 |       |       ||    42
       Short sword       |    23 |       |       ||    23
       Hand axe          |    46 |       |       ||    46
       Dagger            |    13 |   192 |     3 ||   208
       Trident           |    29 |   111 |       ||   140
       Whip              |       |    10 |       ||    10
 Cast: Freeze            |    18 |    71 |     1 ||    90
       Ozocubu's Armour  |     3 |     1 |       ||     4
  Use: Scroll            |     5 |     5 |       ||    10
 Stab: Sleeping          |     1 |     1 |       ||     2
  Eat: Chunk             |     6 |     9 |       ||    15
